Unix NetHack Version 5.0.0-0 post-release - last build Jun 10 2026 00:39:30 (3ee93aec679c4c4259841fe613dc97188e26a321,branch:main).

Game began 2026-06-14 07:11:56, ended 2026-06-17 18:04:47.

Enkindle23, neutral female gnomish Ranger

                                                      ----------       -------
      -----                                      #####.........|       |.....|
      |...|                                     ##    |........|    ###-.....|
      |...-######   --------`######################dq@.........|   ##  |.....|
      |<.^|     ####.......|#                  ##     -------|--  ##   |.....|
      ---[-         |.......###                           `########    -------
         #          |......|#                                #    #
         #          -|------#                                ##   #
         #           ########                                 #   #
      ####           #                                        #   n
     -|------        #                                        #   #
     |.......#########                                        #   #
     |......|                                            -----|---#
     |......|                                            |........#
     |......|                                  ##########.......d|
     |......|                                            |....<`.|
     --------                                            ------+--

Enkindle23 the Lookout       St:15 Dx:11 Co:14 In:15 Wi:13 Ch:8  Neutral
Dlvl:7  $:91 HP:0(27) Pw:14(14) AC:7  Xp:4 T:2104  Burdened Blind

Latest messages:
 What do you want to call the dog? Yarrow
 You swap places with Yarrow.
 You swap places with Yarrow.
 An iguana suddenly appears!
 You find a hidden passage.
 The door opens.
 The iguana bites!
 You hear some noises.
 You miss the iguana.
 You hit the iguana.
 The iguana bites!
 You miss the iguana.
 The iguana bites!
 You hit the iguana.
 You hit the iguana.
 The iguana bites!
 You hit the iguana.
 You hit the iguana.
 You swap places with Yarrow.
 You miss the floating eye.
 You hit the floating eye.
 You miss the floating eye.
 You hit the floating eye.
 You hit the floating eye.
 You hit the floating eye.
 You hit the floating eye.
 You miss the floating eye.
 You kill the floating eye!
 You try to feel what is lying here on the ground.
 You feel here a floating eye corpse.
 There is a floating eye corpse here; eat it? [ynq] (n) y
 This floating eye corpse is gamey.
 You finish eating the floating eye corpse.
 You hear some noises.
 You hear some noises in the distance.
 You hear some noises.
 The rothe hits!
 The rothe bites!
 The rothe bites again!
 You miss the rothe.
 The rothe hits!
 The rothe bites!
 The rothe bites again!
 The rothe hits!
 You die...
 Do you want your possessions identified? [ynq] (y) y
 Do you want to see your attributes? [ynq] (y) y
 Do you want an account of creatures vanquished? [ynaq] (y) y
 Do you want to see your conduct and achievements? [ynq] (y) y
 Do you want to see the dungeon overview? [ynq] (y) y

Inventory:
 Coins    ('$')
  $ - 91 gold pieces
 Weapons  (')')
  c - 49 +2 crossbow bolts (in quiver pouch)
  d - 39 +0 crossbow bolts
  m - 11 +0 ya
  b - a +1 crossbow (weapon in right hand)
  h - a +0 sling
  s - a +0 sling
  a - a +1 dagger (alternate weapon; not wielded)
  J - a cursed -1 knife
  I - a +0 orcish dagger
  q - a cursed +0 axe
  k - a +0 mace
 Armor    ('[')
  C - an uncursed +0 helmet
  p - an uncursed +0 orcish helm
  e - an uncursed +2 cloak of displacement (being worn)
 Comestibles  ('%')
  H - an uncursed carrot
  f - 6 uncursed cram rations
  j - 6 uncursed food rations
 Scrolls  ('?')
  G - 2 uncursed scrolls of earth
  B - an uncursed scroll of magic mapping
  x - an uncursed scroll of remove curse
 Spellbooks  ('+')
  y - an uncursed spellbook of extra healing
 Potions  ('!')
  z - an uncursed potion of enlightenment
  i - a cursed potion of extra healing
  n - an uncursed potion of invisibility
  t - an uncursed potion of see invisible
  v - a blessed potion of speed
  r - an uncursed potion of speed
  g - 2 potions of holy water
 Rings    ('=')
  D - an uncursed ring of regeneration
 Wands    ('/')
  E - a blessed wand of opening (0:8)
  u - a wand of stasis (0:6)
 Tools    ('(')
  o - an uncursed blindfold
  w - an uncursed skeleton key
 Gems/Stones  ('*')
  l - an uncursed worthless piece of black glass

Enkindle23 the Ranger's attributes:

Background:
 You were a Lookout, a level 4 female gnomish Ranger.
 You were neutral, nominally on a mission for Venus
 who was opposed by Mercury (lawful) and Mars (chaotic).
 You were right-handed.
 You were in the Dungeons of Doom, on level 7.
 You entered the dungeon 2104 turns ago.
 There was a new moon in effect when your adventure ended.
 You had 144 experience points, 16 more were needed to attain level 5.

Basics:
 You had 0 out of 27 hit points.
 You had all 14 energy points (spell power).
 Your armor class was 7.
 Your wallet contained 91 zorkmids.
 Autopickup was off.

Final Characteristics:
 Your strength was 15 (limit:18/50).
 Your dexterity was 11 (limit:18).
 Your constitution was 14 (limit:18).
 Your intelligence was 15 (limit:19).
 Your wisdom was 13 (limit:18).
 Your charisma was 8 (limit:18).

Final Status:
 You were temporarily blind.
 You weren't hungry.
 You were burdened; movement was slightly slowed.
 You were wielding a crossbow.
 You had basic skill with crossbow.

Final Attributes:
 You were devoutly aligned.
 You were telepathic.
 You had automatic searching.
 You had infravision.
 You were displaced.
 You were warded.
 You are dead.

Miscellaneous:
 You encountered 1 bones level.
 Total elapsed playing time was 33 minutes and 1 second.

Major events:
 Turn
    1: Enkindle23 the neutral female gnomish Ranger entered the dungeon
  664: attained the rank of Lookout (level 3)
 1449: entered Sokoban
 1711: completed 1st Sokoban level
 2104: killed by a rothe

You didn't know any spells.

Skills:
 Fighting Skills
   bare handed combat [Unskilled]
   riding             [Unskilled]
 Weapon Skills
   dagger             [Basic]
   knife              [Unskilled]
   axe                [Unskilled]
   pick-axe           [Unskilled]
   short sword        [Unskilled]
   morning star       [Unskilled]
   flail              [Unskilled]
   hammer             [Unskilled]
   quarterstaff       [Unskilled]
   polearms           [Unskilled]
   spear              [Unskilled]
   trident            [Unskilled]
   bow                [Unskilled]
   sling              [Unskilled]
   crossbow           [Basic]
   dart               [Unskilled]
   shuriken           [Unskilled]
   boomerang          [Unskilled]
   whip               [Unskilled]
 Spellcasting Skills
   healing spells     [Unskilled]
   divination spells  [Unskilled]
   escape spells      [Unskilled]

Voluntary challenges:
 Character rerolling was not enabled.
 You were an atheist.
 You never genocided any monsters.
 You never polymorphed an object.
 You never changed form.
 You used no wishes.
 You did not violate any of the special Sokoban rules.
Achievements:
 You attained the rank of Lookout.
 You entered Sokoban.

 The Dungeons of Doom: levels 1 to 7
    Level 1:
       A fountain.
    Level 2:
    Level 3:
    Level 4:
       Many fountains.
    Level 5:
    Level 6:
       A grave.
       Final resting place for
          pots164-Kni-Hum-Fem-Law, killed by a giant bat.
    Level 7: <- You were here.
       Stairs up to Sokoban, level 6.
       Final resting place for
          you, killed by a rothe.
 Sokoban: levels 6 up to 5
    Level 5:
       Unsolved.
    Level 6:
       Solved.


Vanquished creatures:
  a dust vortex
  a Mordor orc
  a giant ant
  2 floating eyes
  a kitten
  2 rothes
  3 giant bats
 an iguana
 an acid blob
  2 manes
  a large kobold
  2 hobgoblins
  3 giant rats
  a cave spider
  a yellow mold
  a gecko
  a jackal
  a fox
  a kobold
  a goblin
  2 grid bugs
  2 lichens
  3 newts
35 creatures vanquished.

No species were genocided or became extinct.

Game over:
                       ----------
                      /          \
                     /    REST    \
                    /      IN      \
                   /     PEACE      \
                  /                  \
                  |    Enkindle23    |
                  |      91 Au       |
                  |   killed by a    |
                  |      rothe       |
                  |                  |
                  |                  |
                  |       2026       |
                 *|     *  *  *      | *
        _________)/\\_//(\/(/\)/\//\/|_)_______

Goodbye Enkindle23 the Ranger...

You died in The Dungeons of Doom on dungeon level 7 with 958 points,
and 91 pieces of gold, after 2104 moves.
You were level 4 with a maximum of 27 hit points when you died.

